Match 47137894
Unlisted

Match 47137894
End
Kradschützen Motorcycle Team
Panzergrenadier Squad
250 Light Carrier
Selects Armored Support Battlegroup
Construct Light Support Kompanie
Assault Grenadier Squad
Construct Mechanized Kompanie
Selects Superior Fire Drills
Panzerjäger Mechanized Group
Vehicle Survival Package
8 Rad Armored Car
2.5-tonne Medical Truck
Selects Salvage Kits
MG34 Team
Support Armor Elements
StuG III D Assault Gun
Selects Flammpanzer III Medium Tank
Assault Mechanized Group
Marder III Tank Destroyer
Selects Command Panzer IV F Medium Tank
Marder III Tank Destroyer
STEVEBUSMILK
Hisui
0
0

Comments sign in to comment!

No comments posted yet!